 Dungeon Crawl Stone Soup version 0.30-a0-782-ge64f9170bb (webtiles) character file.

Game seed: 13936367330431360479

19 theswoord the Shooter (level 2, 0/16 HPs)
             Began as a Deep Elf Hunter on Feb 23, 2023.
             Slain by an adder (3 damage)
             ... on level 2 of the Dungeon.
             The game lasted 00:01:01 (567 turns).

theswoord the Shooter (Deep Elf Hunter)              Turns: 567, Time: 00:01:02

Health: 0/16       AC:  6    Str:  8    XL:     2   Next: 55%
Magic:  4/4        EV:  8    Int: 13    God:
Gold:   14         SH:  0    Dex: 18    Spells: 1/1 levels left

rFire   . . .      SeeInvis .    a - +1 shortbow
rCold   . . .      Faith    .    (shield currently unavailable)
rNeg    . . .      Spirit   .    d - +0 scale mail
rPois   .          Reflect  .    (no helmet)
rElec   .          Harm     .    (no cloak)
rCorr   .          Rampage  .    (no gloves)
Will    .....                    (no boots)
Stlth   +                        (no amulet)
HPRegen 0.22/turn                (no ring)
MPRegen 0.09/turn                (no ring)

@: no status effects
A: no striking features
a: no special abilities


You were on level 2 of the Dungeon.
You visited 1 branch of the dungeon, and saw 2 of its levels.

You collected 14 gold pieces.

Inventory:

Hand Weapons
 a - a +1 shortbow (weapon)
Armour
 c - a +0 leather armour
 d - a +0 scale mail (worn)
Scrolls
 b - a scroll of immolation
 i - a scroll of teleportation {unknown}
 j - a scroll of blinking {unknown}
 k - a scroll of magic mapping {unknown}
Potions
 e - a potion of invisibility {unknown}
 f - a potion of curing {unknown}
 h - a potion of berserk rage


   Skills:
 - Level 1.5 Fighting
 + Level 6.3 Ranged Weapons
 - Level 2.4 Dodging
 - Level 1.2 Stealth


You had one spell level left.
You didn't know any spells.
Your spell library was empty.

Dungeon Overview and Level Annotations

Branches:
Dungeon (2/15)

Altars:


Message History

The adder hisses angrily.
An endoplasm comes into view.
You shoot an arrow. The arrow hits the giant cockroach!
You kill the giant cockroach!
A hobgoblin comes into view.
A goblin comes into view. It is wielding a +0 dagger.
You shoot an arrow. The arrow closely misses the adder.
The arrow barely misses the endoplasm.
The goblin shouts!
You shoot an arrow. The arrow closely misses the adder.
The adder bites you.
A jackal comes into view.
The adder bites you.
You are poisoned.
The adder poisons you!
You shoot an arrow. The arrow hits the adder.
You feel sick. The adder bites you.
You are more poisoned.
The adder poisons you!
The jackal stops to sniff the ground.
The adder bites you but does no damage.
You feel sick.
The endoplasm jiggles.
You feel sick. The adder bites you.
* * * LOW HITPOINT WARNING * * *
You shoot an arrow. The arrow hits the adder.
You feel sick. The adder bites you but does no damage.
The adder barely misses you.
You feel sick.
You shoot an arrow.
The arrow hits the adder but does no damage.
You feel sick.
You are no longer poisoned.
The adder bites you but does no damage. x2
You shoot an arrow.
The arrow hits the adder but does no damage.
The adder closely misses you. The adder bites you but does no damage.
You shoot an arrow. The arrow barely misses the adder.
The arrow hits the endoplasm!
You kill the endoplasm!
The adder bites you.
You die...

#.. +........
#.####...###.#
.##.##.......#
.............#.
.##.##..........
#.##..........
###.##..#.....#.
#.......#####... .##
#@#.............
.)...####S#####.########
#h..g.# .... #.##.h#
#.### # #..# #.. #..# ##
...# ##.## #.#


You could see an adder, a jackal and a goblin.

Vanquished Creatures
  3 endoplasms
  2 giant cockroaches
  4 hobgoblins
  A kobold (D:2)
  A ball python (D:1)
  3 bats (D:1)
  A frilled lizard (D:1)
  2 goblins (D:1)
  A rat (D:1)
18 creatures vanquished.

Notes
Turn   | Place    | Note
-------+----------+-------------------------------------------
     0 | D:1      | theswoord the Deep Elf Hunter began the quest for the Orb.
     0 | D:1      | Reached XP level 1. HP: 12/12 MP: 3/3
   229 | D:1      | Reached skill level 6 in Ranged Weapons
   229 | D:1      | Reached XP level 2. HP: 16/16 MP: 4/4
   229 | D:1      | Found a faded altar of an unknown god.
   567 | D:2      | Slain by an adder

Skill      XL: |  1 |
---------------+----+-----
Ranged Weapons | 6 |  6.3
Fighting       | |  1.5
Dodging        | |  2.4
Stealth        | |  1.2

Action                     || total
---------------------------++-------
   Fire: Shortbow          ||    38
    Use: Scroll            ||     3
 Armour: Scale mail        ||    11
  Dodge: Dodged            ||    10

Levels and vault maps discovered:
D:1:      matt_arrival_refuge, layout_rooms, chequers_ecumenical_altar_simple,
          minmay_misc_feat_secret_circle, minmay_surrounded
D:2:      layout_basic, minmay_misc_feat_iff, minmay_fractal_squares_5
